AoeStats
← Caga Mole

Black Forest

510833782Analyzed
4v4 RM · 11h ago on Oct 2, 2026· 48m 34s· 8 players
Game mode
Random Map
Map size
Large (8 player)
Population
200
Speed
Normal
Resources
Standard
Victory
Conquest
Starting age
Dark Age
Ending age
Imperial Age
RankedLock teamsTeams togetherTeam positionsShared explorationLock speedFull tech treeHidden civsTurbo modeCheats
Victory
Defeat
🇩🇪 Franks · Germany
1389
+13
🇷🇺 Sicilians · Russia
1387
+13
🇧🇷 Japanese · Brazil
1346
+14
🇩🇪 Hindustanis · Germany
1328
+15
🇹🇼 Danes · Taiwan
1606
-25
🇹🇼 Khmer · Taiwan
1254
-11
🇹🇼 Britons · Taiwan
1232
-11
🇹🇼 Italians · Taiwan
1154
-8
Caga Mole
0:39 Loom
12:51 Feudal Age
20:30 Castle Age
18:17 Double-Bit Axe
18:45 Horse Collar
26:29 Wheelbarrow
25:40 Town Watch
27:33 Fortified Wall
28:27 Bow Saw
28:22 Heavy Plow
29:14 Ballistics
30:32 Hand Cart
31:38 Guard Tower
32:44 Fletching
36:01 Imperial Age
33:40 Bodkin Arrow
34:05 Scale Mail Armor
34:17 Masonry
34:14 Gold Mining
35:13 Murder Holes
34:59 Treadmill Crane
35:21 Yasama
35:51 Caravan
35:33 Pikeman
36:14 Squires
36:26 Squires
36:46 Bracer
38:32 Kataparuto
38:33 Conscription
38:29 Chain Mail Armor
38:25 Forging
39:06 Coinage
40:39 Plate Mail Armor
41:14 Keep
40:24 Arrowslits
41:33 Gold Shaft Mining
40:48 Stone Mining
42:35 Chemistry
41:52 Halberdier
42:18 Arson
42:48 Forging
44:54 Banking
46:48 Siege Engineers
47:28 Iron Casting
Olli
5:07 Loom
12:35 Feudal Age
13:14 Horse Collar
13:27 Double-Bit Axe
16:09 Castle Age
16:01 Wheelbarrow
17:23 Bow Saw
17:16 Heavy Plow
26:41 Imperial Age
25:31 Hand Cart
25:01 Town Watch
25:19 Padded Archer Armor
29:17 Two-Man Saw
29:53 Chemistry
29:35 Stone Mining
29:38 Gold Mining
30:39 Leather Archer Armor
31:55 Pikeman
32:36 Squires
34:24 Ring Archer Armor
34:58 Scale Mail Armor
35:56 Shatagni
36:18 Conscription
36:09 Siege Engineers
36:34 Caravan
37:10 Grand Trunk Road
Абэма
0:49 Loom
15:02 Feudal Age
19:48 Castle Age
17:38 Double-Bit Axe
18:34 Horse Collar
28:39 Scale Mail Armor
29:18 Wheelbarrow
29:19 First Crusade
29:57 Forging
30:57 Hand Cart
31:37 Chain Mail Armor
33:14 Iron Casting
37:28 Imperial Age
36:27 Iron Casting
35:48 Pikeman
36:28 Squires
36:14 Gambesons
38:04 Arson
38:55 Plate Mail Armor
37:48 Halberdier
40:50 Blast Furnace
42:10 Cavalier
42:50 Husbandry
43:01 Bloodlines
43:01 Scale Barding Armor
43:07 Hauberk
43:22 Conscription
44:31 Chain Barding Armor
44:47 Gold Mining
45:15 Stone Mining
46:31 Gold Shaft Mining
47:27 Plate Barding Armor
47:43 Bow Saw
Agen
11:09 Feudal Age
16:08 Castle Age
15:01 Double-Bit Axe
21:00 Town Watch
21:45 Fishing Lines
28:49 Wheelbarrow
27:59 Loom
32:57 Imperial Age
30:29 Scale Mail Armor
30:39 Forging
30:29 Fletching
31:27 Chain Mail Armor
31:34 Gillnets
32:31 Hand Cart
32:53 Iron Casting
33:38 Bodkin Arrow
34:26 Plate Mail Armor
34:25 Bow Saw
33:52 Elite Throwing Axeman
34:54 Conscription
36:21 Chemistry
35:43 Gold Mining
35:44 Stone Mining
36:58 Blast Furnace
37:54 Caravan
38:24 Coinage
38:55 Gold Shaft Mining
40:02 Siege Engineers
42:06 Banking
45:34 Ballistics
Haw
1:07 Loom
14:29 Feudal Age
19:02 Double-Bit Axe
23:19 Wheelbarrow
25:27 Castle Age
24:26 Fishing Lines
26:30 Town Watch
26:46 Horse Collar
27:19 Bow Saw
30:22 Gold Mining
33:22 Wheelbarrow
32:59 Scale Mail Armor
33:10 Forging
33:03 Squires
36:05 Imperial Age
33:44 Scale Barding Armor
33:42 Scale Mail Armor
33:58 Arson
35:33 Gillnets
36:04 Hand Cart
36:06 Chain Mail Armor
36:05 Forging
36:11 Caravan
36:21 Stone Mining
38:49 Pikeman
40:04 Plate Mail Armor
40:28 Conscription
39:35 Pikeman
42:11 Chemistry
41:47 Heavy Plow
47:26 Fletching
TAG_Wayne
11:48 Feudal Age
16:08 Castle Age
14:21 Double-Bit Axe
14:43 Fishing Lines
18:16 Bow Saw
19:01 Gillnets
21:36 Stone Mining
21:36 Gold Mining
25:12 Gold Mining
28:34 Imperial Age
27:35 Wheelbarrow
26:46 Loom
26:46 Horse Collar
27:32 Town Watch
27:49 Scale Mail Armor
27:59 Forging
27:17 Hamask
28:16 Heavy Plow
29:22 Hand Cart
29:26 Chain Mail Armor
29:13 Squires
28:59 Gambesons
30:00 Conscription
29:47 Onager
31:32 Plate Mail Armor
31:38 Iron Casting
31:39 Siege Onager
32:47 Siege Engineers
32:24 Capped Ram
33:50 Elite Jomsviking
35:31 Blast Furnace
34:22 Fletching
35:16 Masonry
35:28 Ballistics
35:01 Siege Ram
37:12 Caravan
39:51 Chemistry
38:47 Murder Holes
39:31 Northmen's Fury
44:26 Coinage
43:57 Bodkin Arrow
46:27 Stone Shaft Mining
48:04 Banking
梨子假蘋果
3:10 Loom
18:52 Feudal Age
19:55 Double-Bit Axe
26:44 Fletching
26:56 Padded Archer Armor
26:58 Fishing Lines
31:03 Gold Mining
33:30 Castle Age
34:07 Crossbowman
35:36 Bodkin Arrow
37:56 Wheelbarrow
42:17 Imperial Age
40:07 Hand Cart
41:31 Bow Saw
41:48 Yeomen
42:36 Leather Archer Armor
43:28 Ballistics
44:40 Gold Shaft Mining
44:32 Conscription
47:01 Caravan
小浮兒
12:02 Feudal Age
15:51 Castle Age
13:42 Fishing Lines
14:05 Double-Bit Axe
17:15 Bow Saw
21:20 Gillnets
24:08 Horse Collar
25:29 Heavy Plow
25:32 Gold Mining
25:33 Stone Mining
27:26 Wheelbarrow
27:29 Loom
31:08 Imperial Age
28:50 Bloodlines
28:41 Husbandry
28:29 Town Watch
29:35 Scale Barding Armor
29:40 Forging
30:50 Chain Barding Armor
32:17 Conscription
32:43 Plate Barding Armor
32:51 Hand Cart
32:44 Elite Battle Elephant
33:57 Tusk Swords
35:25 Chemistry
34:32 Siege Engineers
35:59 Iron Casting
37:25 Caravan
37:55 Coinage
38:33 Blast Furnace
39:36 Ballistics
38:54 Light Cavalry
40:24 Banking
39:49 Hussar
42:47 Double Crossbow
43:56 Heavy Scorpion
Connection lost

Rejoining the realm…

Still unreachable

The connection could not be restored.

Session expired

The server has moved on; the page needs a fresh start.